 Dungeon Crawl Stone Soup version 0.21-a0-426-g98080a9 (webtiles) character file.

44 varam the Sneak (level 3, 0/27 HPs)
             Began as a Demonspawn Assassin on Nov 7, 2017.
             Succumbed to an adder's poison
             ... on level 2 of the Dungeon on Nov 8, 2017.
             The game lasted 00:03:42 (1511 turns).

varam the Sneak (Demonspawn Assassin)               Turns: 1511, Time: 00:03:43

Health: 0/27       AC:  3    Str: 11    XL:     3   Next: 39%
Magic:  3/3        EV: 11    Int: 12    God:
Gold:   61         SH:  0    Dex: 15    Spells: 2/2 levels left

rFire    + . .     SeeInvis .   a - +2 dagger
rCold    x . .     Gourm    .   (no shield)
rNeg     . . .     Faith    .   c - +0 robe
rPois    .         Spirit   .   (no helmet)
rElec    .         Reflect  .   d - +0 cloak
rCorr    .         Harm     .   (no gloves)
MR       .....                  (no boots)
Stlth    +++.......             (no amulet)
HPRegen  0.09/turn              j - ring of fire
MPRegen  0.08/turn              (no ring)

@: lethally poisoned (0 -> -14)
A: rot immunity
a: no special abilities


You were on level 2 of the Dungeon.
You were not hungry.

You visited 1 branch of the dungeon, and saw 2 of its levels.

You collected 61 gold pieces.

Inventory:

Hand Weapons
 a - a +2 dagger (weapon)
 b - a +0 blowgun
Missiles
 e - 22 poisoned needles
 f - 2 curare-tipped needles
Armour
 c - a +0 robe (worn)
 d - a +0 cloak (worn)
Jewellery
 j - a ring of fire (left hand)
Scrolls
 i - a scroll of recharging {unknown}
 m - a scroll of identify {unknown}
Potions
 k - a potion of berserk rage {unknown}
 l - a potion of resistance {unknown}
 n - a potion of magic {unknown}
 o - a potion of agility {unknown}
Comestibles
 g - 4 bread rations
 h - 2 royal jellies
 q - 2 fruits


   Skills:
 - Level 2.0 Fighting
 + Level 2.7 Short Blades
 - Level 1.7 Throwing
 - Level 0.8 Dodging
 + Level 4.3 Stealth


You had 2 spell levels left.
You didn't know any spells.

Dungeon Overview and Level Annotations

Branches:
Dungeon (2/15)

Altars:
Xom


Innate Abilities, Weirdness & Mutations

You are immune to rotting.


Message History

* * * LOW HITPOINT WARNING * * *
You hit the adder.
The adder is heavily wounded.
* * * LOW HITPOINT WARNING * * *
You feel sick. The adder barely misses you.
You barely miss the adder.
The adder is heavily wounded.
* * * LOW HITPOINT WARNING * * *
You feel sick. The adder bites you but does no damage.
You hit the adder but do no damage.
The adder is heavily wounded.
* * * LOW HITPOINT WARNING * * *
You feel sick. The adder barely misses you.
You hit the adder.
The adder is severely wounded.
* * * LOW HITPOINT WARNING * * *
You feel sick. The adder barely misses you.
You hit the adder.
The adder is almost dead.
You die...

##.. ... #.$ #..
##.# #.# ... #S#
.( #@# ..
###+###.## .#
.........##.##.#
.........#.....#
.....#.....# #
.....##...##.#
.###..#...##.#
#........##
##.....#..##


You could see an adder.

Vanquished Creatures
  An ooze (D:1)
  3 dart slugs (D:1)
  A giant cockroach (D:1)
  3 goblins (D:1)
  4 hobgoblins
  8 jackals (D:1)
  2 ball pythons
  2 bats (D:1)
  3 frilled lizards
  5 kobolds
32 creatures vanquished.

Notes
Turn   | Place    | Note
-------+----------+-------------------------------------------
     0 | D:1      | varam the Demonspawn Assassin began the quest for the Orb.
     0 | D:1      | Reached XP level 1. HP: 16/16 MP: 1/1
    53 | D:1      | Reached skill level 2 in Short Blades
   380 | D:1      | Gained mutation: You are immune to rotting. [demonic ancestry]
   380 | D:1      | Reached XP level 2. HP: 22/22 MP: 2/2
   480 | D:1      | Reached skill level 4 in Stealth
   827 | D:1      | Reached XP level 3. HP: 22/27 MP: 3/3
  1476 | D:2      | Found a shimmering altar of Xom.
  1509 | D:2      | HP: 2/27 [poisoned by an adder]
  1511 | D:2      | Succumbed to an adder's poison

Vault maps used:
D:1:      minmay_arrival_cross
D:2:      xom_teletrap_fun, lemuel_doored_altar, first_bread,
          kennysheep_generic_room_4

Skill      XL: |  1  2 |
---------------+-------+-----
Short Blades   | 2 |  2.7
Stealth        | 4 |  4.3
Fighting       | |  2.0
Throwing       | |  1.7
Dodging        | |  0.8

Action                   || total
-------------------------++-------
Melee: Dagger            ||   121
 Fire: Blowgun           ||     3
 Stab: Sleeping          ||     2
  Eat: Chunk             ||     2
Armor: Robe              ||    25
Dodge: Dodged            ||    58

Table legend:
 A = Spawn XP
 B = Non-spawn XP
 C = Spawn XP percentage of total XP
 D = Spawn monster count
 E = Non-spawn monster count
 F = Spawn count percentage of total count
 G = Total turns spent on level
                    A         B        C        D         E        F      G
               +---------+---------+-------+---------+---------+-------+---------
         Total |       0 |      63 |   0.0 |       0 |      32 |   0.0 |  1511
               +---------+---------+-------+---------+---------+-------+---------
           D:1 |       0 |      58 |   0.0 |       0 |      28 |   0.0 |  1268
           D:2 |       0 |       5 |   0.0 |       0 |       4 |   0.0 |   243
               +---------+---------+-------+---------+---------+-------+---------
